 Dungeon Crawl Stone Soup version 0.16.0-17-g811c1d7 (webtiles) character file.

268 valak23 the Skirmisher (level 6, -3/47 HPs)
             Began as a Vampire Fighter on Mar 21, 2015.
             Slain by Prince Ribbit (12 damage)
             ... on level 4 of the Dungeon.
             The game lasted 00:08:48 (1966 turns).

valak23 the Skirmisher (Vampire Fighter)            Turns: 1966, Time: 00:08:48

Health: -3/47      AC: 11    Str: 17    XL:     6   Next: 0%
Magic:  6/6        EV:  8    Int: 10    God:
Gold:   223        SH:  9    Dex: 13    Spells: 0 memorised, 5 levels left

rFire  . . .     SeeInvis +     a - +0 war axe
rCold  . . .     Clarity  .     b - +0 scale mail
rNeg   + . .     SustAb   .     c - +0 shield
rPois  .         Gourm    .     e - +2 helmet
rElec  .         Spirit   .     (no cloak)
rCorr  .         Warding  .     l - +0 pair of gloves
rMut   .         Stasis   .     (no boots)
MR     .....                    j - amulet of faith
Stlth  ..........               (no ring)
                                n - ring of positive energy

@: regenerating quickly, not resistant to hostile enchantments, extremely
unstealthy
A: bottle blood, fangs 3, see invisible, unbreathing
a: no special abilities


You were on level 4 of the Dungeon.
You were very full.

You visited 1 branch of the dungeon, and saw 5 of its levels.

You collected 223 gold pieces.

Inventory:

Hand weapons
 a - a +0 war axe (weapon)
Armour
 b - a +0 scale mail (worn)
 c - a +0 shield (worn)
 e - a +2 helmet (worn)
 l - a +0 pair of gloves (worn)
Jewellery
 j - an amulet of faith (around neck)
 n - a ring of positive energy (left hand)
Scrolls
 g - 3 scrolls of remove curse
 i - 2 scrolls of magic mapping
 m - a scroll of recharging
Potions
 d - a potion of blood
 f - a potion of restore abilities {unknown}
 h - 2 potions of curing {unknown}
 k - a potion of agility {unknown}
 o - 2 potions of heal wounds {unknown}
 p - a potion of brilliance {unknown}
 s - a potion of might


   Skills:
 + Level 3.6 Fighting
 + Level 3.2 Axes
 + Level 3.1 Armour
 + Level 2.9 Dodging
 + Level 0.4 Stealth
 + Level 3.3 Shields


You had 5 spell levels left.
You didn't know any spells.

Dungeon Overview and Level Annotations

Branches:
Dungeon (5/15)
 Temple: D:4-7

Altars:
Elyvilon
Ru

Annotations:
D:4 Prince Ribbit


Innate Abilities, Weirdness & Mutations

Your natural rate of healing is unusually fast.
You can bottle blood from corpses.
You have razor-sharp teeth.
You have supernaturally acute eyesight.
You can survive without breathing.


Message History

You completely miss Prince Ribbit. Prince Ribbit closely misses you.
Prince Ribbit hits you!
You completely miss Prince Ribbit. Prince Ribbit hits you!
You closely miss Prince Ribbit. You block Prince Ribbit's attack.
Prince Ribbit hits you!
You miss Prince Ribbit.
Prince Ribbit hits you but does no damage.
Prince Ribbit hits you.
Prince Ribbit hops awkwardly around.
Prince Ribbit hits you!
* * * LOW HITPOINT WARNING * * *
You are too injured to fight recklessly!
You are too injured to fight recklessly!
You are too injured to fight recklessly!
Prince Ribbit hits you but does no damage.
You block Prince Ribbit's attack.
There is a stone staircase leading up here.
You can't go down here!
Prince Ribbit hits you!
You die...

##. #.# #.. #.##### #.# #..... ..
##.# #..... .... ..# #..... .....
##.###..... . ......###.....†#
### [ #.......##.###...# #
##...(.....F@..#.# # #
###.#....##.###....... #.####
##........##.###...... . .....#
#....)........##.........####..
..........##..........#..........
##..............................
...#####.####...(...............
##. #.# #.#......# .####.... #.#
#...#....# ###.#


You could see Prince Ribbit.

Vanquished Creatures
  A scorpion (D:4)
  2 hounds (D:4)
  An orc priest (D:3)
  An orc wizard (D:3)
  An adder (D:2)
  2 worms
  An adder zombie (D:4)
  4 giant geckos
  An ooze (D:4)
  6 orcs
  3 giant cockroaches
  13 goblins
  7 hobgoblins
  6 jackals (D:1)
  A quokka (D:4)
  8 bats
  A giant cockroach zombie (D:5)
  12 giant newts
  2 kobolds (D:1)
  6 rats
79 creatures vanquished.

Vanquished Creatures (others)
  A scorpion (D:4)
1 creature vanquished.

Grand Total: 80 creatures vanquished

Notes
Turn   | Place    | Note
--------------------------------------------------------------
     0 | D:1      | valak23, the Vampire Fighter, began the quest for the Orb.
     0 | D:1      | Reached XP level 1. HP: 17/17 MP: 1/1
   178 | D:1      | Reached XP level 2. HP: 21/23 MP: 2/2
   332 | D:1      | Reached skill level 3 in Fighting
   456 | D:1      | Reached XP level 3. HP: 29/29 MP: 3/3
   836 | D:2      | Reached skill level 1 in Dodging
  1550 | D:3      | Reached XP level 4. HP: 35/35 MP: 4/4
  1592 | D:3      | Reached XP level 5. HP: 22/41 MP: 5/5
  1665 | D:3      | You fall through a shaft for 2 floors!
  1665 | D:5      | Entered Level 5 of the Dungeon
  1806 | D:4      | Found a sacrificial altar of Ru.
  1898 | D:4      | Found a white marble altar of Elyvilon.
  1925 | D:4      | Reached XP level 6. HP: 47/47 MP: 6/6
  1954 | D:4      | Noticed Prince Ribbit
  1966 | D:4      | Slain by Prince Ribbit

Action                   |  1- 3 |  4- 6 || total
-------------------------+-------+-------++-------
Melee: War axe           |   117 |    57 ||   174
  Use: Potion            |     1 |       ||     1
       Scroll            |     3 |     5 ||     8
  Eat: Corpse            |    12 |     4 ||    16
